AoeStats
← VkA | Leite Ninho

MegaRandom

506487858Analyzed
4v4 RM · 18d ago on Sep 13, 2026· 57m 24s· 8 players
Game mode
Random Map
Map size
Large (8 player)
Population
200
Speed
Normal
Resources
Standard
Victory
Conquest
Starting age
Dark Age
Ending age
Imperial Age
RankedLock teamsTeams togetherTeam positionsShared explorationLock speedFull tech treeHidden civsTurbo modeCheats
Victory
Defeat
🇧🇷 Dravidians · Brazil
1328
+14
🇧🇷 Lithuanians · Brazil
1316
+15
🇧🇷 Britons · Brazil
1280
+16
🇧🇷 Persians · Brazil
1253
+34
🇧🇪 Ethiopians · Belgium
1322
-17
🇧🇷 Huns · Brazil
1315
-16
🇫🇷 Hindustanis · France
1278
-15
🇧🇪 Spanish · Belgium
1241
-14
anat03
6:20 Loom
9:54 Feudal Age
11:10 Double-Bit Axe
14:37 Scale Barding Armor
15:43 Forging
23:34 Castle Age
23:35 Wheelbarrow
23:20 Gold Mining
24:11 Bloodlines
26:38 Husbandry
28:55 Chain Barding Armor
30:42 Hand Cart
31:24 Bow Saw
34:46 Gold Shaft Mining
33:53 Horse Collar
34:20 Light Cavalry
35:52 Stone Mining
36:04 Heavy Plow
41:21 Imperial Age
39:29 Iron Casting
39:55 Stone Shaft Mining
41:38 Hussar
47:33 Conscription
48:32 Fletching
51:09 Grand Trunk Road
54:17 Caravan
Okunide
8:15 Loom
10:50 Feudal Age
11:34 Double-Bit Axe
14:20 Fletching
14:57 Padded Archer Armor
24:40 Wheelbarrow
28:04 Castle Age
28:08 Crossbowman
30:02 Bodkin Arrow
31:56 Bow Saw
33:23 Gold Mining
36:02 Gold Shaft Mining
35:52 Ballistics
35:49 Scale Barding Armor
39:30 Stone Mining
40:47 Town Watch
42:19 Horse Collar
43:51 Hand Cart
45:01 Scale Mail Armor
45:12 Forging
46:24 Light Cavalry
54:36 Imperial Age
53:06 Chain Barding Armor
53:27 Heavy Plow
54:12 Husbandry
55:31 Iron Casting
54:48 Elite Skirmisher
56:34 Two-Man Saw
56:23 Conscription
56:51 Bracer
57:59 Leather Archer Armor
Aykeem
8:54 Loom
10:59 Feudal Age
11:01 Loom
16:51 Castle Age
17:04 Bloodlines
17:39 Double-Bit Axe
18:15 Horse Collar
24:34 Gold Mining
25:10 Padded Archer Armor
29:48 Husbandry
35:31 Fletching
37:02 Wheelbarrow
39:26 Scale Barding Armor
39:32 Forging
43:49 Imperial Age
41:36 Hand Cart
42:30 Chain Barding Armor
42:46 Iron Casting
44:12 Caravan
44:56 Cavalier
45:20 Light Cavalry
46:54 Plate Barding Armor
48:24 Heavy Plow
48:37 Bow Saw
48:03 Hussar
50:10 Pikeman
53:11 Conscription
K
2:48 Loom
10:27 Feudal Age
13:18 Padded Archer Armor
13:40 Fletching
23:01 Wheelbarrow
28:14 Castle Age
27:30 Forging
29:15 Elite Skirmisher
30:42 Thumb Ring
35:27 Pikeman
41:45 Leather Archer Armor
42:20 Bodkin Arrow
45:38 Iron Casting
49:57 Imperial Age
50:01 Double-Bit Axe
50:34 Bloodlines
50:41 Bracer
50:27 Capped Ram
50:41 Light Cavalry
53:19 Masonry
53:33 Ballistics
54:47 Squires
55:33 Arson
56:58 Blast Furnace
56:49 Scale Mail Armor
VkA | LimaoNub
6:27 Loom
9:35 Feudal Age
10:12 Double-Bit Axe
12:28 Fletching
23:20 Castle Age
23:23 Crossbowman
23:59 Bodkin Arrow
24:10 Thumb Ring
25:14 Elite Skirmisher
28:04 Padded Archer Armor
32:07 Ballistics
35:32 Wheelbarrow
38:34 Leather Archer Armor
41:47 Caravan
44:30 Imperial Age
43:56 Bow Saw
43:27 Horse Collar
44:30 Pikeman
45:10 Squires
45:11 Scale Mail Armor
47:11 Conscription
49:36 Forging
52:13 Bracer
VkA | 侍
7:01 Loom
9:54 Feudal Age
10:32 Double-Bit Axe
16:49 Fletching
19:14 Padded Archer Armor
19:03 Town Watch
31:12 Castle Age
29:27 Horse Collar
31:18 Crossbowman
34:49 Wheelbarrow
36:03 Bow Saw
43:57 Imperial Age
42:01 Hand Cart
42:27 Bodkin Arrow
43:23 Gold Mining
43:28 Stone Mining
45:40 Arbalester
VkA | Leite Ninho
6:58 Loom
9:08 Feudal Age
10:17 Double-Bit Axe
11:54 Horse Collar
20:39 Castle Age
19:07 Gold Mining
21:34 Bloodlines
21:30 Scale Barding Armor
24:30 Light Cavalry
26:48 Chain Barding Armor
28:17 Forging
28:38 Husbandry
31:13 Iron Casting
39:14 Imperial Age
39:27 Cavalier
40:47 Plate Barding Armor
40:57 Wheelbarrow
40:33 Bow Saw
40:24 Heavy Plow
42:50 Paladin
46:12 Hand Cart
46:35 Conscription
48:46 Fletching
50:27 Two-Man Saw
49:37 Winged Hussar
Pickerout
12:42 Feudal Age
11:00 Loom
11:07 Loom
12:54 Feudal Age
13:38 Horse Collar
13:45 Double-Bit Axe
22:58 Wheelbarrow
25:22 Castle Age
23:54 Bloodlines
23:38 Gold Mining
26:30 Scale Barding Armor
26:35 Forging
26:29 Heavy Plow
26:45 Bow Saw
26:16 Pikeman
28:38 Chain Barding Armor
34:26 Hand Cart
35:58 Husbandry
37:49 Iron Casting
41:27 Town Watch
44:10 Town Patrol
47:31 Imperial Age
46:17 Light Cavalry
49:16 Fletching
56:49 Crop Rotation
Connection lost

Rejoining the realm…

Still unreachable

The connection could not be restored.

Session expired

The server has moved on; the page needs a fresh start.